cohdb
Replays
Latest Replays
All Replays
Popular Replays
Top Player Replays
Match Explorer
How It Works
Community
CoH3 Stats
Reddit
Sign in to upload your games and track your stats! →
Sign in with Steam
Match 45266724
Unlisted
Match 45266724
Overview
Messages
Build Orders
End
Construct Barracks
Riflemen Squad
Selects Special Operations Battlegroup
Riflemen Squad
Riflemen Squad
M1 Mortar Team
Air Support Center
Grenade Package
Construct Weapon Support Center
Grasshopper Recon Run
Selects M29 Weasel with M1 Pack Howitzer
Riflemen Squad
Construct Tank Depot
Grasshopper Recon Run
Selects P-47 Anti-Infantry Loiter
Selects UNKNOWN (2162291)
Bazooka Squad
Bazooka Squad
M4(105) Sherman Bulldozer
AI Takeover
Obdolbos
Геть з України москаль некрасіви
.Mercury-uK
南极蹦迪
Masang
1Tap.com
Fallenschirmjäger
dauniy
0
0
Comments
sign in to comment!
No comments posted yet!